 Dungeon Crawl Stone Soup version 0.27.0-1-g7a089689b8 (webtiles) character file.

Game seed: 684715428200729956

130 Thatpatchoflichen the Chiller (level 4, 0/24 HPs)
             Began as a Deep Elf Ice Elementalist on Aug 14, 2021.
             Shot with an arrow by a centaur (2 damage)
             ... on level 4 of the Dungeon.
             The game lasted 00:15:36 (4869 turns).

Thatpatchoflichen the Chiller (DEIE)                Turns: 4869, Time: 00:15:36

Health: 0/24       AC:  3    Str:  6    XL:     4   Next: 90%
Magic:  12/12      EV: 13    Int: 26    God:
Gold:   178        SH:  0    Dex: 15    Spells: 4/11 levels left

rFire    . . .     SeeInvis .   t - staff of conjuration
rCold    . . .     Faith    .   (no shield)
rNeg     . . .     Spirit   .   a - +0 robe
rPois    .         Reflect  .   (no helmet)
rElec    .         Harm     .   (no cloak)
rCorr    .         Rampage  .   j - +0 pair of gloves
Will     .....                  (no boots)
Stlth    ++........             (no amulet)
HPRegen  0.08/turn              c - +6 ring of intelligence
MPRegen  0.13/turn              (no ring)

@: no status effects
A: no striking features
a: no special abilities


You were on level 4 of the Dungeon.
You visited 1 branch of the dungeon, and saw 5 of its levels.

You collected 178 gold pieces.

Inventory:

Hand Weapons
 e - a +0 vampiric whip
 h - a +0 vorpal hunting sling
 v - a +2 vorpal hand axe
Missiles
 f - 133 stones
 m - 31 sling bullets
 n - 7 boomerangs
Armour
 a - a +0 robe (worn)
 j - a +0 pair of gloves (worn)
Magical Staves
 t - a staff of conjuration (weapon)
Jewellery
 c - a +6 ring of intelligence (left hand)
Wands
 b - a wand of polymorph (3)
Scrolls
 d - a scroll of vulnerability {unknown}
 g - 3 scrolls of immolation
 k - 2 scrolls of noise
 l - a scroll of acquirement {unknown}
 p - 2 scrolls of teleportation
 q - a scroll of magic mapping {unknown}
 r - a scroll of amnesia {unknown}
 s - a scroll of enchant armour {unknown}
 w - a scroll of blinking {unknown}
Potions
 i - 2 potions of might
 o - 2 potions of curing
 u - a potion of mutation {unknown}


   Skills:
 + Level 0.0 Staves
 + Level 3.1 Dodging
 + Level 3.1 Stealth
 + Level 4.0 Spellcasting
 - Level 6.0 Ice Magic


You had 4 spell levels left.
You knew the following spells:

 Your Spells              Type           Power      Damage    Failure   Level
a - Freeze                Ice            100%       1d11      1%          1
b - Frozen Ramparts       Ice            72%        1d9       2%          3
c - Ozocubu's Armour      Ice            36%        N/A       2%          3

Your spell library contained the following spells:

 Spells                   Type           Power      Damage    Failure   Level
 Animate Skeleton         Necr           10%        N/A       9%          1
 Pain                     Necr           20%        1d5       9%          1
 Hailstorm                Conj/Ice       31%        3d8       24%         4
 Vampiric Draining        Necr           2%         2d6       26%         3
 Dispersal                Tloc           2%         N/A       100%        6
 Disjunction              Tloc           2%         N/A       100%        8


Dungeon Overview and Level Annotations

Branches:
Dungeon (5/15)
 Temple: D:4-7

Altars:
Cheibriados
Xom


Message History

Why would you want to do that? Why would you want to do that?
Found a scroll labelled ACUAHY HUVOU.
w - a scroll labelled ACUAHY HUVOU
Found a stone staircase leading down.
There is a stone staircase leading down here.
You climb downwards.
A quokka, an ogre and a skeleton come into view.
There is a stone staircase leading up here.
The quokka misses you.
You climb upwards.
There is a stone staircase leading down here.
Aiming: Freeze (safe; 1% risk of failure)
Press: ? - help, Q - select action, (/) - cycle Shift-Dir - straight line, f - quokka
Aim: a quokka You freeze the quokka.
The quokka is moderately wounded.
The quokka barely misses you.
Aiming: Freeze (safe; 1% risk of failure)
Press: ? - help, Q - select action, (/) - cycle Shift-Dir - straight line, f/p - quokka
Aim: a quokka (moderately wounded)
You freeze the quokka!
You kill the quokka!
You see here a +0 club.
Things that are here:
a +0 dagger; a +0 club; a +0 hunting sling
Found a dagger.
The centaur shouts!
The centaur wields a +2 shortbow of freezing.
It is covered in frost.
The centaur shoots an arrow.
The arrow hits you!
Ouch! That really hurt!
The arrow freezes you.
The centaur shoots an arrow.
The arrow closely misses you.
Found 31 stones.
The centaur shoots an arrow.
The arrow closely misses you.
You see here 31 stones.
The centaur shoots an arrow.
The arrow hits you!
* * * LOW HITPOINT WARNING * * *
The arrow freezes you.
You die...

############# ####.......c.c.#
...^......(###.# ########
######..##.#####.# #.# #.......
.....#.# #.# #@###c#####.#####.
#...###..#####.#..........####.
#....#.........#.#.............
#..#..#...###....#..##....##.#.
###..#................##.#.##.###
.....#.##...##.....#.###.#.###.#.
###..#.. ..###.#.#.#.# #.#.# ##.#
###..#####.###........ ..#.# #.#
.........#.. .. #..).. ....# #.#


You could see a centaur.

Vanquished Creatures
  Robin (D:3)
  3 adders (D:2)
  2 dart slugs (D:3)
  2 orcs
  7 endoplasms
  3 giant cockroaches
  12 goblins
  5 hobgoblins
  10 jackals
  3 quokkas
  5 ball pythons
  3 bats
  3 frilled lizards
  4 kobolds
  18 rats
81 creatures vanquished.

Notes
Turn   | Place    | Note
-------+----------+-------------------------------------------
     0 | D:1      | Thatpatchoflichen the Deep Elf Ice Elementalist began the
                  | quest for the Orb.
     0 | D:1      | Reached XP level 1. HP: 10/10 MP: 6/6
   265 | D:1      | Reached XP level 2. HP: 15/15 MP: 6/8
   924 | D:1      | Reached XP level 3. HP: 5/19 MP: 7/9
  2179 | D:2      | Reached skill level 5 in Ice Magic
  2533 | D:2      | Reached XP level 4. HP: 24/24 MP: 9/12
  2668 | D:2      | Found a faded altar of an unknown god.
  2922 | D:3      | Found a snail-covered altar of Cheibriados.
  3070 | D:3      | Learned a level 3 spell: Frozen Ramparts
  3074 | D:3      | Learned a level 3 spell: Ozocubu's Armour
  3866 | D:4      | Noticed Robin
  3962 | D:3      | Killed Robin
  3963 | D:3      | Reached skill level 6 in Ice Magic
  4381 | D:4      | Found a shimmering altar of Xom.
  4561 | D:4      | Noticed a centaur
  4733 | D:5      | Entered Level 5 of the Dungeon
  4733 | D:5      | Noticed an ogre
  4869 | D:4      | Shot with an arrow by a centaur

Illustrated notes

Levels and vault maps discovered:
D:1:      dpeg_arrival_ratfight, layout_basic, serial_co_window_serial,
          co_window_paths_b, co_window_paths_a, co_window_paths_a,
          co_window_of_opportunity_a, co_window_corner_a,
          co_window_unsneaky_path_e, co_window_of_opportunity_c,
          co_window_unsneaky_path_e, co_window_paths_c, co_window_broadway_b,
          co_window_paths_d, minmay_rat_gold_closets
D:2:      layout_basic, chequers_ecumenical_altar_simple
D:3:      layout_basic, kennysheep_slug_shrine, minmay_misc_feat_alley,
          st_stairs_3
D:4:      layout_loops_ring, mainiacjoe_overflow_cross_hatched,
          serial_park_tiny_2, uniq_robin
D:5:      layout_basic, vehumet_crystals, nicolae_stop_n_shop_1, minivault_19,
          uniq_menkaure

Skill      XL: |  1  2  3  4 |
---------------+-------------+-----
Stealth        | 3 |  3.1
Dodging        | 3 |  3.1
Ice Magic      | 5 6 |  6.0
Spellcasting   | 4 |  4.0

Action                   |  1- 3 |  4- 6 || total
-------------------------+-------+-------++-------
Melee: Unarmed           |     1 |       ||     1
       Whip              |    67 |    21 ||    88
 Cast: Freeze            |    48 |    41 ||    89
  Use: Scroll            |       |     5 ||     5
 Stab: Sleeping          |     5 |     2 ||     7
Armor: Robe              |    14 |    10 ||    24
Dodge: Dodged            |    60 |    46 ||   106
